 Dungeon Crawl Stone Soup version 0.24.0-13-gcf9b3192b9 (webtiles) character file.

Game seed: 12867409497349002645, levelgen mode: deterministic

176 Midas the Cutter (level 5, -3/31 HPs)
             Began as a Deep Elf Gladiator on Nov 10, 2019.
             Killed by nerve-wracking pain
             ... invoked by an orc priest
              (14 damage)
             ... on level 4 of the Dungeon.
             The game lasted 00:06:08 (4107 turns).

Midas the Cutter (Deep Elf Gladiator)               Turns: 4107, Time: 00:06:09

Health: -3/31      AC:  6    Str: 14    XL:     5   Next: 30%
Magic:  7/7        EV: 11    Int: 14    God:
Gold:   183        SH:  8    Dex: 16    Spells: 4/4 levels left

rFire    . . .     SeeInvis .   a - +0 rapier
rCold    . . .     Gourm    .   e - +0 shield
rNeg     . . .     Faith    .   b - +0 leather armour
rPois    .         Spirit   .   c - +0 helmet
rElec    .         Reflect  .   (no cloak)
rCorr    .         Harm     .   n - +1 pair of gloves {Str+3}
MR       .....                  (no boots)
Stlth    +.........             (no amulet)
HPRegen  0.10/turn              (no ring)
MPRegen  0.10/turn              (no ring)

@: no status effects
A: no striking features
a: no special abilities


You were on level 4 of the Dungeon.
You were not hungry.

You visited 1 branch of the dungeon, and saw 4 of its levels.

You collected 183 gold pieces.

Inventory:

Hand Weapons
 a - a +0 rapier (weapon)
Missiles
 d - 3 throwing nets (quivered)
 p - 30 poisoned darts
Armour
 b - a +0 leather armour (worn)
 c - a +0 helmet (worn)
 e - a +0 shield (worn)
 n - a +1 pair of gloves of strength (worn)
 v - a +0 chain mail of fire resistance
Jewellery
 x - an uncursed amulet of regeneration {unknown}
Scrolls
 g - a scroll of remove curse
 h - a scroll of fear
 k - 2 scrolls of fog {unknown}
 l - a scroll of enchant armour {unknown}
 m - 2 scrolls of immolation {unknown}
 q - 2 scrolls of magic mapping {unknown}
 s - a scroll of identify
Potions
 j - a potion of berserk rage
 o - 3 potions of magic {unknown}
 r - a potion of curing {unknown}
 t - a potion of lignification {unknown}
 w - 2 potions of flight {unknown}
Comestibles
 f - 7 rations


   Skills:
 + Level 2.5 Fighting
 * Level 4.7 Short Blades
 - Level 2.0 Throwing
 - Level 3.6 Dodging
 + Level 2.0 Shields


You had 4 spell levels left.
You didn't know any spells.
Your spell library was empty.

Dungeon Overview and Level Annotations

Branches:
Dungeon (4/15)
 Temple: D:4-7

Altars:
Hepliaklqana
Makhleb
Nemelex Xobeh
Qazlal
Ru

Annotations:
D:4 Robin


Message History

The orc priest hits you but does no damage.
You hit the orc priest.
The orc priest is lightly wounded.
The orc priest barely misses you.
You barely miss the orc priest.
The orc priest is lightly wounded.
The orc priest invokes the aid of Beogh against you.
Pain shoots through your body!
You hit the orc priest.
The orc priest is heavily wounded.
The orc priest invokes the aid of Beogh against you.
Beogh smites you!
You hit the orc priest but do no damage.
The orc priest is heavily wounded.
The orc priest hits you but does no damage.
You puncture the orc priest!
The orc priest is almost dead.
The orc priest calls down the wrath of Beogh upon you.
Pain shoots through your body!
You die...

#.#.###.#{#[..
#.#.....#.#... ..#
#.#######.#... ...##
#..o..oo..#.##
...#####o#########.#
##..#...{...........#
#...#.##.(..#########
...#o##....#
#.#@##....# ####
#...##....# ..#
#..<###.### ##.##
#..## #.# ....# #..#
#.#
....########.#..##
#.#
...g)g..g.gg.#...#
#.#
....##########.#.#
#.#
..g............#.# ..


You could see an orc priest.

Vanquished Creatures
  2 orc wizards (D:3)
  3 adders
  4 worms
  3 dart slugs
  A leopard gecko (D:3)
  12 orcs
  5 bats
  2 giant cockroaches
  10 goblins
  5 hobgoblins
  3 jackals (D:2)
  A quokka (D:2)
  6 frilled lizards
  4 kobolds (D:3)
  8 rats
69 creatures vanquished.

Notes
Turn   | Place    | Note
-------+----------+-------------------------------------------
     0 | D:1      | Midas the Deep Elf Gladiator began the quest for the Orb.
     0 | D:1      | Reached XP level 1. HP: 12/12 MP: 3/3
   223 | D:1      | Reached XP level 2. HP: 16/16 MP: 4/4
   591 | D:2      | Reached skill level 1 in Shields
  1184 | D:2      | Reached XP level 3. HP: 17/21 MP: 5/5
  1808 | D:2      | Found a sparkling altar of Nemelex Xobeh.
  1808 | D:2      | Found a burning altar of Makhleb.
  1813 | D:2      | Found a faded altar of an unknown god.
  1815 | D:2      | Found a sacrificial altar of Ru.
  1816 | D:2      | Found a stormy altar of Qazlal.
  1918 | D:2      | Reached skill level 4 in Short Blades
  2158 | D:3      | Reached XP level 4. HP: 22/26 MP: 6/6
  2215 | D:3      | Found a hazy altar of Hepliaklqana.
  2914 | D:3      | Reached XP level 5. HP: 31/31 MP: 7/7
  3329 | D:4      | Noticed Robin
  4107 | D:4      | Killed from afar by an orc priest

Levels and vault maps discovered:
D:1:      matt_arrival_refuge, layout_basic
D:2:      layout_loops_ring, chequers_temple_overflow_minitemple
D:3:      layout_loops_ring, old_standard_altar
D:4:      layout_basic, nicolae_overflow_hidden_temple,
          ebering_dispersal_statue_hall, uniq_robin

Skill      XL: |  1  2  3  4  5 |
---------------+----------------+-----
Shields        | 1 2 |  2.0
Fighting       | 2 |  2.5
Short Blades   | 4 |  4.7
Throwing       | |  2.0
Dodging        | |  3.6

Action                   |  1- 3 |  4- 6 || total
-------------------------+-------+-------++-------
Melee: Rapier            |   168 |   126 ||   294
  Use: Scroll            |     4 |       ||     4
       Potion            |       |     1 ||     1
  Eat: Chunk             |     3 |     7 ||    10
Armor: Leather armour    |    38 |    28 ||    66
Dodge: Dodged            |    71 |    42 ||   113
Block: Shield            |    61 |    38 ||    99
